 Dungeon Crawl Stone Soup version 0.22-a0-803-gd6d8abeff0 (webtiles) character file.

21153 Htamos the Fighter (level 12, -6/84 HPs)
             Began as a Tengu Berserker on July 22, 2018.
             Was a High Priest of Trog.
             Killed from afar by an ogre mage (24 damage)
             ... with a bolt of poison
             ... on level 2 of the Orcish Mines.
             The game lasted 00:31:58 (14174 turns).

Htamos the Fighter (Tengu Berserker)               Turns: 14174, Time: 00:31:59

Health: -6/84      AC: 20    Str: 21    XL:     12   Next: 87%
Magic:  13/13      EV: 11    Int:  9    God:    Trog [*****.]
Gold:   1064       SH:  0    Dex: 16    Spells: 11/11 levels left

rFire    . . .     SeeInvis .   r - +3 short sword (chaos)
rCold    . . .     Gourm    .   (no shield)
rNeg     . . .     Faith    .   s - +1 plate armour
rPois    .         Spirit   .   (helmet restricted)
rElec    .         Reflect  .   o - +0 cloak
rCorr    .         Harm     .   n - +2 pair of gloves
MR       .....                  (boots unavailable)
Stlth    ..........             Q - amulet of regeneration
HPRegen  0.64/turn              d - +2 ring of dexterity
MPRegen  0.13/turn              (no ring)

@: lethally poisoned (-6 -> -21)
A: beak, talons 3, able to fly 1
a: Fly, Berserk, Trog's Hand, Brothers in Arms, Renounce Religion


You were on level 2 of the Orcish Mines.
You worshipped Trog.
Trog was extremely pleased with you.
You were not hungry.

You visited 2 branches of the dungeon, and saw 13 of its levels.

You collected 1064 gold pieces.

Inventory:

Hand Weapons
 a - a +0 short sword
 g - a -1 dagger
 h - a +2 dagger of venom
 i - a +0 dagger
 r - a +3 short sword of chaos (weapon)
 y - a +0 great sword
 B - a +0 short sword of pain
 C - a +1 dagger of distortion
 F - a +1 short sword of protection
 K - a +1 antimagic dagger
 L - a +3 antimagic rapier
 S - a +2 whip of venom
 U - a +5 dagger of freezing
Missiles
 D - 7 poisoned javelins (quivered)
Armour
 b - a +0 animal skin
 j - a +0 ring mail
 n - a +2 pair of gloves (worn)
 o - a +0 cloak (worn)
 s - a +1 plate armour (worn)
 G - a +1 chain mail of cold resistance
Magical Staves
 H - an uncursed staff of energy {unknown}
Jewellery
 d - a +2 ring of dexterity (left hand)
 l - a +3 amulet of reflection
 w - a cursed amulet of inaccuracy
 E - an uncursed ring of resist corrosion
 M - an uncursed amulet of harm {unknown}
 N - a cursed ring of teleportation {unknown}
 Q - an amulet of regeneration (around neck)
 T - an uncursed amulet of magic regeneration
 X - an uncursed ring of ice
Wands
 f - a wand of paralysis (16)
 J - a wand of enslavement (18)
 P - a wand of clouds (5)
Scrolls
 q - 3 scrolls of teleportation
 t - 4 scrolls of noise
 u - 5 scrolls of remove curse
 W - a scroll of identify
Potions
 e - 8 potions of curing
 k - 3 potions of haste
 m - 5 potions of flight {unknown}
 p - 3 potions of invisibility {unknown}
 v - 5 potions of heal wounds {unknown}
 x - 3 potions of lignification {unknown}
 z - a potion of mutation {unknown}
 A - 2 potions of berserk rage {unknown}
 R - a potion of brilliance {unknown}
 V - a potion of might {unknown}
Miscellaneous
 O - a fan of gales
Comestibles
 c - 25 rations
 I - 10 chunks of flesh


   Skills:
 + Level 13.8 Fighting
 - Level 12.0 Short Blades
 * Level 10.7 Armour
 + Level 7.8 Dodging


You had 11 spell levels left.
You didn't know any spells.
Your spell library was empty.

Dungeon Overview and Level Annotations

Branches:
Dungeon (11/15)            Temple (0/1) D:6            Lair (0/6) D:9
    Orc (2/2) D:10
    Elf: Orc:2

Altars:
Ru
Trog
Beogh

Annotations:
D:4 1 runed door


Innate Abilities, Weirdness & Mutations

You have a beak for a mouth.
You have claws for feet.
You can fly.


Message History

The ogre hits you with a giant club!
Your plate armour prevents you from hitting the ogre.
You kill the ogre!
Trog accepts your kill.
You hit the ogre but do no damage.
The ogre is poisoned.
Waves of light ripple over your body.
You peck the ogre, but do no damage.
You hear some strange, mumbled words.
A bolt of poison appears from out of thin air!
The bolt of poison hits you!
You are poisoned.
The ogre hits you with a giant club!
* * * LOW HITPOINT WARNING * * *
You feel sick.
An ogre mage appears from thin air!
Reactivating autopickup.
The ogre hits you with a giant club!!
* * * LOW HITPOINT WARNING * * *
The ogre mage gestures at you while chanting.
The bolt of poison hits you!
You are more poisoned.
You die...

##.#.......##....#...........##
##............)..............###
#....#.#...................#####
##..###...##..[[......#...#####.
#....#....#...))[........##.#...
#.....#....#.[.O................
##.#.........[...........<......
##.##).........O)O...............
#...)).#.##....)@)...............
##.##......#.....................
####..............(..........#..
##..#........................
#######.#..##....##.##.#.##.
######################


You could see an ogre mage and 2 ogres.

Vanquished Creatures
  2 ogre magi (Orc:2)
  A hydra (D:11)
  The ghost of temitten the Severer, a journeyman MiBe of Trog (D:11)
  Fannar (D:11)
  10 two-headed ogres
  2 unseen horrors
  Pikel (D:8)
  A cyclops (D:10)
  An ugly thing (D:11)
  The ghost of Fandomethor the Covered, a novice MiFi (D:5)
  Psyche (D:8)
  A komodo dragon (D:9)
  2 trolls
  3 hippogriffs
  A slime creature (Orc:2)
  4 hogs (D:7)
  A human (D:7)
  Menkaure (D:7)
  A water moccasin (D:10)
  2 black bears (D:7)
  3 ice beasts
  2 sky beasts
  8 orc warriors
  A slave (D:8)
  2 phantoms
  10 ogres
  2 centaurs
  4 big kobolds
  8 bullfrogs
  2 scorpions (D:5)
  9 killer bees (D:9)
  8 howler monkeys
  4 wights (D:10)
  2 electric eels (D:10)
  4 crimson imps
  A bullfrog zombie (D:7)
  15 orc priests
  2 hounds
  2 jellies
  A gnoll shaman (D:6)
  11 orc wizards
  4 bullfrog skeletons
  A centaur skeleton (D:6)
  3 iguanas
  7 worker ants
  A hound zombie (D:10)
  A hound skeleton (D:7)
  8 gnolls
  A worker ant zombie (D:6)
  A howler monkey skeleton (D:6)
  13 adders
  2 shadow imps
  An ooze (D:1)
  2 adder zombies (D:5)
  2 adder skeletons (D:9)
  4 worms
  11 leopard geckos
  57 orcs
  5 giant cockroaches
  4 hobgoblins
  8 jackals
  5 quokkas
  2 ball pythons
  6 bats
  9 frilled lizards
  A giant cockroach zombie (D:6)
  10 goblins
  25 kobolds
  6 rats
339 creatures vanquished.

Vanquished Creatures (others)
  A plant (D:9)
1 creature vanquished.

Grand Total: 340 creatures vanquished

Notes
Turn   | Place    | Note
-------+----------+-------------------------------------------
     0 | D:1      | Htamos the Tengu Berserker began the quest for the Orb.
     0 | D:1      | Reached XP level 1. HP: 14/14 MP: 2/2
   414 | D:1      | Reached XP level 2. HP: 19/19 MP: 3/3
  1360 | D:2      | Reached XP level 3. HP: 21/23 MP: 4/4
  1728 | D:2      | Reached ** piety under Trog
  1780 | D:2      | Reached XP level 4. HP: 15/28 MP: 5/5
  2362 | D:3      | Reached skill level 5 in Short Blades
  2492 | D:3      | Gained mutation: You can fly. [Tengu growth]
  2492 | D:3      | Reached XP level 5. HP: 29/33 MP: 6/6
  2690 | D:3      | Reached skill level 4 in Fighting
  3086 | D:4      | Reached *** piety under Trog
  3520 | D:4      | Reached XP level 6. HP: 31/39 MP: 7/7
  3924 | D:4      | Found a runed door.
  4242 | D:4      | Found a sacrificial altar of Ru.
  4253 | D:5      | Entered Level 5 of the Dungeon
  4474 | D:5      | Found a runed gate.
  4484 | D:5      | Noticed Fandomethor's ghost (novice MiFi)
  4485 | D:5      | Found a runed gate.
  4485 | D:5      | Found a runed gate.
  4535 | D:5      | Reached skill level 5 in Fighting
  4535 | D:5      | Reached XP level 7. HP: 44/44 MP: 8/8
  4988 | D:5      | Found a glowing drain.
  5391 | D:5      | Reached XP level 8. HP: 39/51 MP: 9/9
  5554 | D:5      | Reached skill level 6 in Fighting
  5665 | D:5      | Noticed a troll
  5671 | D:5      | Killed a troll
  5924 | D:5      | Reached **** piety under Trog
  6013 | D:5      | Killed Fandomethor's ghost
  6013 | D:5      | Reached skill level 7 in Fighting
  6013 | D:5      | Reached skill level 10 in Short Blades
  6013 | D:5      | Reached XP level 9. HP: 57/57 MP: 10/10
  6160 | D:6      | Received a gift from Trog
  6341 | D:6      | Found a staircase to the Ecumenical Temple.
  6348 | D:6      | Reached skill level 8 in Fighting
  6718 | D:6      | Reached skill level 9 in Fighting
  7535 | D:7      | Noticed Menkaure
  7542 | D:7      | Killed Menkaure
  7550 | D:6      | Reached skill level 10 in Fighting
  7762 | D:7      | Found a bloodstained altar of Trog.
  7868 | D:7      | Reached XP level 10. HP: 68/68 MP: 11/11
  7889 | D:7      | Reached ***** piety under Trog
  8203 | D:7      | Received a gift from Trog
  8203 | D:7      | Reached skill level 11 in Fighting
  8654 | D:8      | Noticed Psyche
  8659 | D:8      | Noticed Pikel
  8679 | D:8      | Killed Psyche
  8694 | D:8      | Killed Pikel
  9497 | D:8      | Got a shimmering scale mail
  9498 | D:8      | Identified the +0 scale mail "Fifur Ossual" {-Tele rC+ rN+ Int+4} (You found it on level 8 of the Dungeon)
  9679 | D:9      | Reached skill level 12 in Fighting
 10464 | D:9      | Found a staircase to the Lair.
 10847 | D:10     | Entered Level 10 of the Dungeon
 10916 | D:10     | Reached XP level 11. HP: 71/76 MP: 12/12
 10947 | D:10     | Found a staircase to the Orcish Mines.
 10979 | D:10     | Killed an unseen horror
 11185 | D:10     | Found a roughly hewn altar of Beogh.
 11537 | D:10     | Noticed a two-headed ogre
 11543 | D:10     | Killed a two-headed ogre
 11575 | D:10     | Noticed a cyclops
 11591 | D:10     | Killed a cyclops
 11973 | D:11     | Reached skill level 5 in Armour
 12069 | D:11     | Noticed a green ugly thing
 12081 | D:11     | Killed a green ugly thing
 12159 | D:11     | Noticed a seven-headed hydra
 12169 | D:11     | Killed a seven-headed hydra
 12323 | D:11     | Killed an unseen horror
 12387 | D:11     | Noticed a two-headed ogre
 12403 | D:11     | Killed a two-headed ogre
 12403 | D:11     | Reached skill level 5 in Dodging
 12513 | D:11     | Noticed Fannar
 12528 | D:11     | Killed Fannar
 12528 | D:11     | Reached skill level 13 in Fighting
 12634 | D:11     | Found a runed gate.
 12634 | D:11     | Found a runed gate.
 12634 | D:11     | Found a runed gate.
 12635 | D:11     | Noticed temitten's ghost (journeyman MiBe)
 12853 | D:11     | Killed temitten's ghost
 12853 | D:11     | Reached XP level 12. HP: 53/84 MP: 13/13
 12999 | Orc:1    | Entered Level 1 of the Orcish Mines
 13081 | Orc:1    | Received a gift from Trog
 13251 | Orc:2    | Entered Level 2 of the Orcish Mines
 13293 | Orc:2    | Noticed a two-headed ogre
 13325 | Orc:2    | Killed a two-headed ogre
 13450 | Orc:2    | Noticed an ogre mage
 13471 | Orc:2    | Paralysed by an ogre mage for 3 turns
 13475 | Orc:2    | Killed an ogre mage
 13481 | Orc:2    | Noticed an ogre mage
 13484 | Orc:2    | Noticed a two-headed ogre
 13587 | Orc:2    | a two-headed ogre changed into a slime creature
 13598 | Orc:2    | Killed an ogre mage
 13783 | Orc:2    | Noticed a two-headed ogre
 13783 | Orc:2    | Noticed a two-headed ogre
 13785 | Orc:2    | Noticed a two-headed ogre
 13811 | Orc:2    | Killed a two-headed ogre
 13814 | Orc:2    | Killed a two-headed ogre
 13817 | Orc:2    | Killed a two-headed ogre
 13910 | Orc:2    | Noticed a two-headed ogre
 13927 | Orc:2    | Noticed a two-headed ogre
 13964 | Orc:2    | Killed a two-headed ogre
 13964 | Orc:2    | Reached skill level 10 in Armour
 13984 | Orc:2    | Noticed a two-headed ogre
 13985 | Orc:2    | Noticed a two-headed ogre
 14013 | Orc:2    | Killed a two-headed ogre
 14018 | Orc:2    | Killed a two-headed ogre
 14067 | Orc:2    | Noticed a two-headed ogre
 14088 | Orc:2    | Killed a two-headed ogre
 14146 | Orc:2    | Noticed an ogre mage
 14174 | Orc:2    | Killed from afar by an ogre mage

Vault maps used:
D:1:      eino_arrival_water_cross
D:3:      first_ration, hangedman_feature_mirror
D:4:      nicolae_overflow_hidden_temple, uniq_crazy_yiuf_cottage
D:5:      kennysheep_windowed_halls, portal_sewer_entry_d,
          gammafunk_ghost_nasty_kobolds
D:6:      cheibrodos_thug_alley, minmay_temple_entry_water_ring
D:7:      grunt_livestock, trog_ov_bears_minmay, uniq_menkaure
D:8:      uniq_psyche, uniq_pikel
D:9:      david_lair_shrubbed, solitary_fountain, eino_tiny_chamber, eino_jars
D:10:     minmay_orc_entry_temple_small, lightli_minifort
D:11:     ebering_ghost_rock_garden, uniq_fannar
Orc:2:    st_orc_ogre_mass

Skill      XL: |  1  2  3  4  5  6  7  8  9 10 11 12 |
---------------+-------------------------------------+-----
Short Blades   | 4 5 6 7 8 10 11 12 | 12.0
Fighting       | 4 5 7 10 12 13 | 13.8
Armour         | 7 10 | 10.7
Dodging        | 5 7 |  7.8

Action                   |  1- 3 |  4- 6 |  7- 9 | 10-12 || total
-------------------------+-------+-------+-------+-------++-------
Melee: Short sword       |    20 |       |   193 |   589 ||   802
       Kick              |    18 |    74 |   143 |   249 ||   484
       Dagger            |    57 |   202 |   183 |       ||   442
       Peck              |    10 |    31 |    68 |   166 ||   275
       Rapier            |       |       |       |    17 ||    17
Invok: Berserk           |       |     1 |     2 |    11 ||    14
       Trog's Hand       |       |       |     1 |       ||     1
  Use: Scroll            |     1 |     6 |     7 |    11 ||    25
       Potion            |       |       |     1 |       ||     1
 Stab: Sleeping          |     1 |       |       |       ||     1
       Confused          |       |       |     2 |     2 ||     4
       Petrifying        |       |       |     1 |       ||     1
       Petrified         |       |       |       |     1 ||     1
       Paralysed         |       |       |       |     4 ||     4
  Eat: Chunk             |     3 |     8 |    11 |    14 ||    36
       Ration            |       |       |     1 |     5 ||     6
Armor: Animal skin       |     3 |       |       |       ||     3
       Ring mail         |    14 |       |       |       ||    14
       Plate armour      |       |   129 |   140 |   238 ||   507
Dodge: Dodged            |    25 |    38 |    86 |   160 ||   309
Block: Other             |       |     3 |    19 |    16 ||    38
       Reflection        |       |       |     2 |     1 ||     3

Table legend:
 A = Spawn XP
 B = Non-spawn XP
 C = Spawn XP percentage of total XP
 D = Spawn monster count
 E = Non-spawn monster count
 F = Spawn count percentage of total count
 G = Total turns spent on level
                    A         B        C        D         E        F      G
               +---------+---------+-------+---------+---------+-------+---------
         Total |       0 |   30219 |   0.0 |       0 |     338 |   0.0 | 14174
               +---------+---------+-------+---------+---------+-------+---------
           D:1 |       0 |      26 |   0.0 |       0 |      14 |   0.0 |  1085
           D:2 |       0 |      82 |   0.0 |       0 |      23 |   0.0 |  1256
           D:3 |       0 |     166 |   0.0 |       0 |      29 |   0.0 |   888
           D:4 |       0 |     186 |   0.0 |       0 |      12 |   0.0 |  1144
           D:5 |       0 |    2423 |   0.0 |       0 |      51 |   0.0 |  2204
           D:6 |       0 |    1171 |   0.0 |       0 |      37 |   0.0 |  1133
           D:7 |       0 |    1758 |   0.0 |       0 |      31 |   0.0 |   632
           D:8 |       0 |    1334 |   0.0 |       0 |       8 |   0.0 |  1191
           D:9 |       0 |    1757 |   0.0 |       0 |      25 |   0.0 |  1314
          D:10 |       0 |    3238 |   0.0 |       0 |      25 |   0.0 |  1135
          D:11 |       0 |    6330 |   0.0 |       0 |      24 |   0.0 |  1017
         Orc:1 |       0 |     952 |   0.0 |       0 |      25 |   0.0 |   538
         Orc:2 |       0 |   10796 |   0.0 |       0 |      34 |   0.0 |   637
               +---------+---------+-------+---------+---------+-------+---------
